IL
ROCHESTER RED WINGS @ TACOMA RAINIERS
07/27/2048
 
TOP OF THE 1ST
Rochester Red Wings batting - Pitching for Tacoma Rainiers : RHP Jake Underhill
Pitching: RHP Jake Underhill
Batting: SHB Manny Molina 0-0: Swinging Strike
0-1: Called Strike
0-2: Strikes out swinging
Batting: SHB Ian Thompson 0-0: Foul Ball, location: 2F
0-1: Ball
1-1: Fly out, F7 (Flyball, 7D, EV 94.4 MPH)
Batting: SHB Dan Morataya 0-0: Swinging Strike
0-1: Ball
1-1: SINGLE (Groundball, 4MD, EV 97.5 MPH)
Batting: LHB Jayden Thomas 0-0: Ball
1-0: Called Strike
1-1: Called Strike
1-2: Foul Ball, location: 2F
1-2: Strikes out swinging
Top of the 1st over - 0 runs, 1 hit, 0 errors, 1 left on base; Rochester 0 - Tacoma 0
BOTTOM OF THE 1ST
Tacoma Rainiers batting - Pitching for Rochester Red Wings : RHP Bryan Hallman
Pitching: RHP Bryan Hallman
Batting: RHB Rick Ellis 0-0: Ball
1-0: Called Strike
1-1: Ball
2-1: Foul Ball, location: 2F
2-2: Strikes out swinging
Batting: RHB Steve Martin 0-0: Called Strike
0-1: Ball
1-1: Ground out 2-3 (Groundball, 13S, EV 68.8 MPH)
Batting: LHB Ryan Lowe 0-0: Foul Ball, location: 2F
0-1: Ball
1-1: Ball
2-1: Fly out, F8 (Line Drive, 8RM, EV 90.0 MPH)
Bottom of the 1st over - 0 runs, 0 hits, 0 errors, 0 left on base; Rochester 0 - Tacoma 0
TOP OF THE 2ND
Rochester Red Wings batting - Pitching for Tacoma Rainiers : RHP Jake Underhill
Batting: RHB Juan Espinoza 0-0: Ball
1-0: Fly out, F6 (Line Drive, 6M, EV 70.0 MPH)
Batting: RHB Manuel Juarez 0-0: Ball
1-0: Called Strike
1-1: Foul Ball, location: 2F
1-2: Ball
2-2: Foul Ball, location: 2F
2-2: Foul Ball, location: 2F
2-2: Ball
3-2: Foul Ball, location: 2F
3-2: Ground out U3 (Groundball, 3, EV 106.9 MPH)
Batting: RHB Ryan Gautney 0-0: Fly out, F7 (Line Drive, 78M, EV 90.0 MPH)
Top of the 2nd over - 0 runs, 0 hits, 0 errors, 0 left on base; Rochester 0 - Tacoma 0
BOTTOM OF THE 2ND
Tacoma Rainiers batting - Pitching for Rochester Red Wings : RHP Bryan Hallman
Batting: RHB Josh Ruhl 0-0: Ground out 6-3 (Groundball, 56D, EV 99.4 MPH)
Batting: RHB Zach Downs 0-0: Swinging Strike
0-1: Ball
1-1: SINGLE (Line Drive, 78S, EV 95.6 MPH)
Batting: SHB Ray Skogen 0-0: Ball
1-0: Ball
2-0: Ball
3-0: Base on Balls
Zach Downs to second
Batting: RHB Chris Olheiser 0-0: Swinging Strike
0-1: Ball
1-1: Foul Ball, location: 2F
1-2: Foul Ball, location: 2F
1-2: Fly out, F9 (Flyball, 89D, EV 98.1 MPH)
Runner from 2nd tags up, SAFE at 3rd with throw by RF
Batting: RHB Max Schellekens 0-0: Ball
1-0: Ball
2-0: Foul Ball, location: 2F
2-1: Swinging Strike
2-2: SINGLE (Groundball, 34D, EV 96.2 MPH)
Zach Downs scores
Ray Skogen to second
Runner from 2nd tries for 3rd, OUT! 9-5
Bottom of the 2nd over - 1 run, 2 hits, 0 errors, 1 left on base; Rochester 0 - Tacoma 1
TOP OF THE 3RD
Rochester Red Wings batting - Pitching for Tacoma Rainiers : RHP Jake Underhill
Batting: RHB Dan Grable 0-0: Called Strike
0-1: Ground out 4-3 (Groundball, 4, EV 81.9 MPH)
Batting: RHB Jeremy Witt 0-0: Swinging Strike
0-1: Called Strike
0-2: Foul Ball, location: 2F
0-2: Strikes out swinging
Batting: SHB Manny Molina 0-0: Ground out 6-3 (Groundball, 6, EV 86.2 MPH)
Top of the 3rd over - 0 runs, 0 hits, 0 errors, 0 left on base; Rochester 0 - Tacoma 1
BOTTOM OF THE 3RD
Tacoma Rainiers batting - Pitching for Rochester Red Wings : RHP Bryan Hallman
Batting: RHB Kagetoki Kawai 0-0: Swinging Strike
0-1: Ball
1-1: Foul Ball, location: 2F
1-2: Strikes out swinging
Batting: RHB Rick Ellis 0-0: Ball
1-0: Called Strike
1-1: Ball
2-1: Ground out 6-3 (Groundball, P, EV 86.2 MPH)
Batting: RHB Steve Martin 0-0: Ball
1-0: Ball
2-0: Ball
3-0: Called Strike
3-1: Swinging Strike
3-2: Strikes out looking
Bottom of the 3rd over - 0 runs, 0 hits, 0 errors, 0 left on base; Rochester 0 - Tacoma 1
TOP OF THE 4TH
Rochester Red Wings batting - Pitching for Tacoma Rainiers : RHP Jake Underhill
Batting: SHB Ian Thompson 0-0: SINGLE (Line Drive, 9S, EV 90.0 MPH)
Batting: SHB Dan Morataya 0-0: Ball
1-0: Swinging Strike
1-1: Ball
2-1: Fly out, F9 (Flyball, 9, EV 92.5 MPH)
Batting: LHB Jayden Thomas 0-0: Ball
1-0: Called Strike
1-1: Called Strike
Ian Thompson steals 2nd base
1-2: Fly out, F8 (Line Drive, 8RM, EV 102.5 MPH)
Batting: RHB Juan Espinoza 0-0: Ball
1-0: Ground out 6-3 (Groundball, 6, EV 103.1 MPH)
Top of the 4th over - 0 runs, 1 hit, 0 errors, 1 left on base; Rochester 0 - Tacoma 1
BOTTOM OF THE 4TH
Tacoma Rainiers batting - Pitching for Rochester Red Wings : RHP Bryan Hallman
Batting: LHB Ryan Lowe 0-0: Ball
1-0: Called Strike
1-1: Ball
2-1: Foul Ball, location: 2F
2-2: Ground out 5-3 (Groundball, 56, EV 107.5 MPH)
Batting: RHB Josh Ruhl 0-0: Foul Ball, location: 2F
0-1: Called Strike
0-2: Ball
1-2: Strikes out swinging
Batting: RHB Zach Downs 0-0: Swinging Strike
0-1: Called Strike
0-2: Strikes out swinging
Bottom of the 4th over - 0 runs, 0 hits, 0 errors, 0 left on base; Rochester 0 - Tacoma 1
TOP OF THE 5TH
Rochester Red Wings batting - Pitching for Tacoma Rainiers : RHP Jake Underhill
Batting: RHB Manuel Juarez 0-0: Called Strike
0-1: Ball
1-1: Swinging Strike
1-2: Ball
2-2: Strikes out looking
Batting: RHB Ryan Gautney 0-0: Foul Ball, location: 2F
0-1: Ball
1-1: Foul Ball, location: 2F
1-2: Hit by Pitch
Batting: RHB Dan Grable 0-0: Swinging Strike
0-1: Ball
1-1: Foul Ball, location: 2F
1-2: Strikes out swinging
Batting: RHB Jeremy Witt 0-0: Ball
1-0: Foul Ball, location: 2F
1-1: Fly out, F4 (Popup, 3D, EV 66.9 MPH)
Top of the 5th over - 0 runs, 0 hits, 0 errors, 1 left on base; Rochester 0 - Tacoma 1
BOTTOM OF THE 5TH
Tacoma Rainiers batting - Pitching for Rochester Red Wings : RHP Bryan Hallman
Batting: SHB Ray Skogen 0-0: Ball
1-0: Foul Ball, location: 2F
1-1: Called Strike
1-2: Ball
2-2: Strikes out looking
Batting: RHB Chris Olheiser 0-0: Ball
1-0: Ground out 5-3 (Groundball, 5, EV 101.9 MPH)
Batting: RHB Max Schellekens 0-0: Called Strike
0-1: Ball
1-1: Foul Ball, location: 2F
1-2: Strikes out swinging
Bottom of the 5th over - 0 runs, 0 hits, 0 errors, 0 left on base; Rochester 0 - Tacoma 1
TOP OF THE 6TH
Rochester Red Wings batting - Pitching for Tacoma Rainiers : RHP Jake Underhill
Batting: SHB Manny Molina 0-0: Ball
1-0: Foul Ball, location: 2F
1-1: Called Strike
1-2: Foul Ball, location: 2F
1-2: Strikes out swinging
Batting: SHB Ian Thompson 0-0: Ball
1-0: Ball
2-0: Ball
3-0: Base on Balls
Batting: SHB Dan Morataya 0-0: Ball
1-0: Foul Ball, location: 2F
1-1: SINGLE (Groundball, 4MD, EV 99.4 MPH)
Ian Thompson to second
Runner from 2nd tries for 3rd, SAFE, throw by CF made to third
Batting: LHB Jayden Thomas 0-0: Ball
1-0: Ball
2-0: Called Strike
2-1: Called Strike
2-2: Ground out 6-3 (Groundball, 4MS, EV 66.2 MPH)
Dan Morataya to second
Batting: RHB Juan Espinoza 0-0: Foul Ball, location: 2F
0-1: Ball
Wild Pitch!
Ian Thompson scores
Dan Morataya to third
1-1: Ball
2-1: Fly out, F9 (Flyball, 9, EV 90.0 MPH)
Top of the 6th over - 1 run, 1 hit, 0 errors, 1 left on base; Rochester 1 - Tacoma 1
BOTTOM OF THE 6TH
Tacoma Rainiers batting - Pitching for Rochester Red Wings : RHP Bryan Hallman
Batting: RHB Kagetoki Kawai 0-0: Ball
1-0: Ball
2-0: Called Strike
2-1: Swinging Strike
2-2: Ball
3-2: Strikes out swinging
Batting: RHB Rick Ellis 0-0: Ball
1-0: Ball
2-0: Called Strike
2-1: Ground out 6-3 (Groundball, 6, EV 90.0 MPH)
Batting: RHB Steve Martin 0-0: Foul Ball, location: 2F
0-1: Called Strike
0-2: Strikes out swinging
Bottom of the 6th over - 0 runs, 0 hits, 0 errors, 0 left on base; Rochester 1 - Tacoma 1
TOP OF THE 7TH
Rochester Red Wings batting - Pitching for Tacoma Rainiers : RHP Jake Underhill
Batting: RHB Manuel Juarez 0-0: Ball
1-0: Ball
2-0: Ball
3-0: Base on Balls
Batting: RHB Ryan Gautney 0-0: Grounds into double play, 5-4-3 (Groundball, 56, EV 88.8 MPH)
Batting: RHB Dan Grable 0-0: Ball
1-0: Foul Ball, location: 2F
1-1: Ball
2-1: Foul Ball, location: 2F
2-2: Foul Ball, location: 2F
2-2: TRIPLE (Line Drive, 9LD, EV 110.0 MPH)
Batting: RHB Jeremy Witt 0-0: Ball
1-0: Ball
2-0: Ball
3-0: Called Strike
3-1: Fly out, F7 (Flyball, 7, EV 81.2 MPH)
Top of the 7th over - 0 runs, 1 hit, 0 errors, 1 left on base; Rochester 1 - Tacoma 1
BOTTOM OF THE 7TH
Tacoma Rainiers batting - Pitching for Rochester Red Wings : RHP Bryan Hallman
Batting: LHB Ryan Lowe 0-0: Foul Ball, location: 2F
0-1: Swinging Strike
0-2: Ball
1-2: Ball
2-2: Ball
3-2: Base on Balls
Batting: RHB Josh Ruhl 0-0: Fly out, F8 (Flyball, 8RD, EV 104.4 MPH)
Batting: RHB Zach Downs 0-0: Ball
1-0: Called Strike
1-1: Ball
2-1: SINGLE (Groundball, 6MD, EV 109.4 MPH)
Ryan Lowe to second
Runner from 2nd tries for 3rd, SAFE, throw by CF made to third
Batting: SHB Ray Skogen 0-0: Swinging Strike
0-1: Ball
1-1: Ball
2-1: Foul Ball, location: 2F
2-2: Strikes out swinging
Batting: RHB Chris Olheiser 0-0: Ball
1-0: Swinging Strike
1-1: Foul Ball, location: 2F
1-2: Ball
2-2: Ground out 4-3 (Groundball, 34, EV 85.6 MPH)
Bottom of the 7th over - 0 runs, 1 hit, 0 errors, 2 left on base; Rochester 1 - Tacoma 1
TOP OF THE 8TH
Rochester Red Wings batting - Pitching for Tacoma Rainiers : RHP Jake Underhill
Batting: SHB Manny Molina 0-0: Ball
1-0: Called Strike
1-1: Ball
2-1: Foul Ball, location: 2F
2-2: Foul Ball, location: 2F
2-2: Strikes out looking
Batting: SHB Ian Thompson 0-0: Swinging Strike
0-1: Ball
1-1: Foul Ball, location: 2F
1-2: Ball
2-2: Strikes out swinging
Batting: SHB Dan Morataya 0-0: Ball
1-0: Foul Ball, location: 2F
1-1: Ball
2-1: Ball
3-1: Called Strike
3-2: Foul Ball, location: 2F
3-2: Foul Ball, location: 2F
3-2: Strikes out looking
Top of the 8th over - 0 runs, 0 hits, 0 errors, 0 left on base; Rochester 1 - Tacoma 1
BOTTOM OF THE 8TH
Tacoma Rainiers batting - Pitching for Rochester Red Wings : RHP Bryan Hallman
Pitching: RHP Matt Springer
Pinch Hitting: LHB Josh Pittman 0-0: Foul Ball, location: 2F
0-1: Foul Ball, location: 2F
0-2: Hit by Pitch
Batting: RHB Kagetoki Kawai 0-0: Ball
1-0: Fielders Choice at 2nd, 5-4 (Groundball, 56, EV 89.4 MPH)
Batting: RHB Rick Ellis 0-0: Ball
1-0: Called Strike
1-1: Fly out, F9 (Flyball, 9LS, EV 85.6 MPH)
Pinch Hitting: LHB Jawad Fahad 0-0: Called Strike
Kagetoki Kawai steals 2nd, throwing error, E2
Kagetoki Kawai to third
0-1: Swinging Strike
0-2: Foul Ball, location: 2F
0-2: Fly out, F8 (Flyball, 8RXD, EV 105.6 MPH)
Bottom of the 8th over - 0 runs, 0 hits, 1 error, 1 left on base; Rochester 1 - Tacoma 1
TOP OF THE 9TH
Rochester Red Wings batting - Pitching for Tacoma Rainiers : RHP Jake Underhill
Pitching: LHP Adam Parrish
Now at 2B: Enrique Valdez
Now at 3B: Jawad Fahad
Now at SS: Rick Ellis
Batting: RHB Ratko Macura 0-0: Ball
1-0: Called Strike
1-1: Swinging Strike
1-2: Ball
2-2: Ground out U3 (Groundball, 34, EV 90.0 MPH)
Batting: RHB Juan Espinoza 0-0: Ball
1-0: Called Strike
1-1: Fly out, F8 (Line Drive, 8RM, EV 98.8 MPH)
Batting: RHB Manuel Juarez 0-0: Ball
1-0: Ball
2-0: Ball
3-0: Called Strike
3-1: Swinging Strike
3-2: Foul Ball, location: 2F
3-2: Strikes out looking
Top of the 9th over - 0 runs, 0 hits, 0 errors, 0 left on base; Rochester 1 - Tacoma 1
BOTTOM OF THE 9TH
Tacoma Rainiers batting - Pitching for Rochester Red Wings : RHP Matt Springer
Batting: LHB Ryan Lowe 0-0: Swinging Strike
0-1: Swinging Strike
0-2: Ball
1-2: Strikes out swinging
Batting: RHB Josh Ruhl 0-0: Called Strike
0-1: Foul Ball, location: 2F
0-2: Foul Ball, location: 2F
0-2: Ball
1-2: Strikes out swinging
Batting: RHB Zach Downs 0-0: Called Strike
0-1: Ball
1-1: Foul Ball, location: 2F
1-2: Fly out, F9 (Flyball, 9, EV 71.9 MPH)
Bottom of the 9th over - 0 runs, 0 hits, 0 errors, 0 left on base; Rochester 1 - Tacoma 1
TOP OF THE 10TH
Rochester Red Wings batting - Pitching for Tacoma Rainiers : LHP Adam Parrish
Batting: RHB Ryan Gautney 0-0: Ball
1-0: Ground out 6-3 (Groundball, 56D, EV 82.5 MPH)
Batting: RHB Dan Grable 0-0: Ball
1-0: Foul Ball, location: 2F
1-1: Foul Ball, location: 2F
1-2: Ground out 1-3 (Groundball, 15S, EV 66.2 MPH)
Batting: RHB Jeremy Witt 0-0: Ball
1-0: Called Strike
1-1: Ball
2-1: Ground out 6-3 (Groundball, 6, EV 80.6 MPH)
Top of the 10th over - 0 runs, 0 hits, 0 errors, 0 left on base; Rochester 1 - Tacoma 1
BOTTOM OF THE 10TH
Tacoma Rainiers batting - Pitching for Rochester Red Wings : RHP Matt Springer
Pitching: RHP Mark Case
Batting: SHB Ray Skogen 0-0: Called Strike
0-1: Fly out, F7 (Flyball, 78S, EV 88.1 MPH)
Batting: RHB Chris Olheiser 0-0: Ball
1-0: Ball
2-0: Hit by Pitch
Batting: RHB Enrique Valdez 0-0: Ball
1-0: Fielders Choice at 2nd, 3-6 (Groundball, 34S, EV 91.9 MPH)
Batting: RHB Kagetoki Kawai 0-0: Ball
Enrique Valdez steals 2nd base
1-0: Ball
2-0: Ball
3-0: Called Strike
3-1: Ground out 5-3 (Groundball, 5L, EV 80.6 MPH)
Bottom of the 10th over - 0 runs, 0 hits, 0 errors, 1 left on base; Rochester 1 - Tacoma 1
TOP OF THE 11TH
Rochester Red Wings batting - Pitching for Tacoma Rainiers : LHP Adam Parrish
Batting: SHB Manny Molina 0-0: Ball
1-0: Fly out, F9 (Line Drive, 9LM, EV 93.1 MPH)
Batting: SHB Ian Thompson 0-0: Ball
1-0: Swinging Strike
1-1: Called Strike
1-2: Strikes out swinging
Batting: SHB Dan Morataya 0-0: Called Strike
0-1: Called Strike
0-2: Ball
1-2: Strikes out looking
Top of the 11th over - 0 runs, 0 hits, 0 errors, 0 left on base; Rochester 1 - Tacoma 1
BOTTOM OF THE 11TH
Tacoma Rainiers batting - Pitching for Rochester Red Wings : RHP Mark Case
Batting: RHB Rick Ellis 0-0: Fly out, F9 (Flyball, 9, EV 85.6 MPH)
Batting: LHB Jawad Fahad 0-0: Foul Ball, location: 2F
0-1: Ball
1-1: Foul Ball, location: 2F
1-2: Fly out, F9 (Flyball, 89S, EV 95.6 MPH)
Batting: LHB Ryan Lowe 0-0: Called Strike
0-1: Ball
1-1: Ball
2-1: Swinging Strike
2-2: Ball
3-2: Fly out, F7 (Flyball, 7, EV 94.4 MPH)
Bottom of the 11th over - 0 runs, 0 hits, 0 errors, 0 left on base; Rochester 1 - Tacoma 1
TOP OF THE 12TH
Rochester Red Wings batting - Pitching for Tacoma Rainiers : LHP Adam Parrish
Pitching: RHP Jace Daniels
Batting: LHB Chris Munguia 0-0: Called Strike
0-1: Ball
1-1: Swinging Strike
1-2: Ground out 5-3 (Groundball, 56, EV 80.6 MPH)
Batting: RHB Juan Espinoza 0-0: Foul Ball, location: 2F
0-1: Ball
1-1: Ball
2-1: Ground out 6-3 (Groundball, P, EV 85.6 MPH)
Batting: RHB Manuel Juarez 0-0: Ball
1-0: Swinging Strike
1-1: Ball
2-1: Called Strike
2-2: Ball
3-2: SINGLE (Groundball, 56D, EV 94.4 MPH)
Batting: RHB Ryan Gautney 0-0: Ball
Manuel Juarez steals 2nd base (no throw)
1-0: Ball
2-0: Ball
3-0: Called Strike
3-1: Ground out 6-3 (Groundball, 6, EV 81.9 MPH)
Top of the 12th over - 0 runs, 1 hit, 0 errors, 1 left on base; Rochester 1 - Tacoma 1
BOTTOM OF THE 12TH
Tacoma Rainiers batting - Pitching for Rochester Red Wings : RHP Mark Case
Batting: RHB Josh Ruhl 0-0: Ball
1-0: Ball
2-0: Ball
3-0: Called Strike
3-1: Base on Balls
Batting: RHB Zach Downs 0-0: Ball
1-0: Called Strike
1-1: Swinging Strike
1-2: Ball
2-2: Strikes out swinging
Batting: SHB Ray Skogen 0-0: Called Strike
0-1: Ball
1-1: Ball
2-1: Called Strike
2-2: Ball
3-2: SINGLE (Groundball, 34D, EV 107.5 MPH)
Josh Ruhl to second
Runner from 2nd tries for 3rd, SAFE, throw by RF made to third
Pitching: LHP Antoine Champagne
Batting: RHB Chris Olheiser 0-0: Ball
1-0: Fielders Choice at home, 4-2 (Groundball, 4, EV 96.2 MPH)
Ray Skogen to second
Batting: RHB Enrique Valdez 0-0: Ball
1-0: Called Strike
1-1: Foul Ball, location: 2F
1-2: Foul Ball, location: 2F
1-2: Fly out, F9 (Flyball, 9S, EV 85.6 MPH)
Bottom of the 12th over - 0 runs, 1 hit, 0 errors, 2 left on base; Rochester 1 - Tacoma 1
TOP OF THE 13TH
Rochester Red Wings batting - Pitching for Tacoma Rainiers : RHP Jace Daniels
Batting: RHB Dan Grable 0-0: Foul Ball, location: 2F
0-1: Ball
1-1: Swinging Strike
1-2: Foul Ball, location: 2F
1-2: Strikes out swinging
Batting: RHB Jeremy Witt 0-0: Called Strike
0-1: Ball
1-1: Swinging Strike
1-2: Foul Ball, location: 2F
1-2: Ball
2-2: Ball
3-2: Foul Ball, location: 2F
3-2: Foul Ball, location: 2F
3-2: Base on Balls
Pitching: RHP Sid Lampone
Batting: SHB Manny Molina 0-0: Called Strike
0-1: Ball
1-1: SINGLE (Groundball, 6, EV 93.8 MPH)
Jeremy Witt to second
Batting: SHB Ian Thompson 0-0: Ball
1-0: Foul Ball, location: 2F
1-1: Called Strike
1-2: Strikes out swinging
Batting: SHB Dan Morataya 0-0: Called Strike
0-1: Ball
1-1: Foul Ball, location: 2F
1-2: DOUBLE (Line Drive, 78XD, EV 113.1 MPH)
Jeremy Witt scores
Manny Molina to third
Runner from 3rd tries for Home, throw by LF and OUT! 7-6-2
Top of the 13th over - 1 run, 2 hits, 0 errors, 1 left on base; Rochester 2 - Tacoma 1
BOTTOM OF THE 13TH
Tacoma Rainiers batting - Pitching for Rochester Red Wings : LHP Antoine Champagne
Pitching: LHP Brian Walters
Batting: RHB Kagetoki Kawai 0-0: Swinging Strike
0-1: Swinging Strike
0-2: Strikes out looking
Batting: RHB Rick Ellis 0-0: Ball
1-0: Called Strike
1-1: Swinging Strike
1-2: SINGLE (Groundball, 34D, EV 97.5 MPH)
Pinch Hitting: RHB Jeff Cox 0-0: Swinging Strike
0-1: Ball
1-1: Foul Ball, location: 2F
1-2: Strikes out swinging
Pinch Hitting: RHB Leon Alders 0-0: Ball
1-0: Ball
2-0: Ball
3-0: Called Strike
3-1: Fly out, F8 (Flyball, 89D, EV 106.2 MPH)
Bottom of the 13th over - 0 runs, 1 hit, 0 errors, 1 left on base; Rochester 2 - Tacoma 1
Tuesday, March 28th , 2023 - OOTP Baseball 23.10 Build 110